[ AOE2 MATCH · #505329737 ]
UnrankedAztecs vs Mongols
Player's team · LOSS
Rival team · WIN
[ REPLAY ANALYSIS · EXTRACTED FROM THE RECORDED GAME ]
Feudal
9:19
Castle
25:24
Imperial
—
| APM avg | 43.9 |
| APM peak | 75 |
| eAPM avg | 23.1 |
| Villagers / military | 55 / 52 |
Focus
⚔️ 35.0% · 🌾 65.0%
Archer ×26 · Monk ×12 · Eagle Scout ×8 · Mangonel ×5 · Battering Ram ×1
Feudal
11:50
Castle
21:35
Imperial
—
| APM avg | 93.9 |
| APM peak | 147 |
| eAPM avg | 36.8 |
| Villagers / military | 153 / 66 |
Focus
⚔️ 44.0% · 🌾 56.0%
Mangudai ×46 · Skirmisher ×10 · Archer ×9 · Mangonel ×1
Match map
Initial resources + every placement click. Lines = walls · curves = elevation contours. ◆ gold · ⬟ stone · ● berries · ✦ relic · ◌ wall gap
Your base· Open — opponent sealed themselves in
MegaFish's base· ✓ Closed at 21:35 · 31t walls · no gate
Smoothed initial terrain · ◌ = detected wall gap · hover for details
Inputs per minute
— Solaiman III - - MegaFish
Build order — Solaiman III
First 150 of 193 actions detected
| 0:00 | Queue | Villager (Male) |
| 0:02 | Build | House |
| 0:03 | Build | House |
| 0:10 | Queue | Villager (Male) |
| 0:20 | Queue | Villager (Male) |
| 0:26 | Queue | Villager (Male) |
| 1:20 | Queue | Villager (Male) |
| 2:03 | Queue | Villager (Male) |
| 2:20 | Build | Lumber Camp |
| 2:24 | Queue | Villager (Male) |
| 2:48 | Queue | Villager (Male) |
| 3:20 | Queue | Villager (Male) |
| 3:22 | Queue | Villager (Male) |
| 3:37 | Build | House |
| 3:39 | Build | Palisade Wall |
| 3:58 | Queue | Villager (Male) |
| 4:22 | Queue | Villager (Male) |
| 4:40 | Queue | Villager (Male) |
| 4:50 | Queue | Villager (Male) |
| 5:27 | Queue | Villager (Male) |
| 5:54 | Queue | Villager (Male) |
| 6:09 | Queue | Villager (Male) |
| 6:44 | Research | Loom |
| 6:51 | Build | Mining Camp |
| 7:09 | Research | Feudal Age |
| 7:14 | Build | Lumber Camp |
| 8:23 | Build | Barracks |
| 8:49 | Build | House |
| 9:19 | Age | Feudal Age |
| 9:21 | Build | Archery Range |
| 9:23 | Queue | Eagle Scout |
| 9:36 | Queue | Villager (Male) |
| 9:39 | Build | House |
| 10:11 | Queue | Villager (Male) |
| 10:13 | Queue | Archer |
| 10:22 | Queue | Villager (Male) |
| 10:24 | Build | Blacksmith |
| 10:31 | Queue | Villager (Male) |
| 10:33 | Queue | Archer |
| 10:34 | Queue | Eagle Scout |
| 11:03 | Build | House |
| 11:15 | Build | Watch Tower |
| 11:18 | Queue | Archer |
| 11:19 | Queue | Eagle Scout |
| 11:26 | Queue | Villager (Male) |
| 11:51 | Queue | Archer |
| 11:53 | Queue | Eagle Scout |
| 12:05 | Build | House |
| 12:16 | Queue | Villager (Male) |
| 12:32 | Queue | Villager (Male) |
| 12:50 | Queue | Archer |
| 12:55 | Queue | Archer |
| 12:56 | Queue | Villager (Male) |
| 13:08 | Research | Fletching |
| 13:09 | Queue | Archer |
| 13:36 | Queue | Archer |
| 13:41 | Queue | Villager (Male) |
| 14:17 | Queue | Villager (Male) |
| 14:18 | Queue | Archer |
| 14:32 | Queue | Villager (Male) |
| 14:44 | Build | Mill |
| 14:51 | Queue | Archer |
| 14:59 | Build | Watch Tower |
| 15:05 | Queue | Archer |
| 15:27 | Queue | Villager (Male) |
| 15:29 | Build | Farm |
| 15:30 | Build | Farm |
| 15:30 | Build | Farm |
| 15:38 | Build | House |
| 15:46 | Build | House |
| 16:15 | Build | Watch Tower |
| 16:20 | Queue | Villager (Male) |
| 16:23 | Build | Farm |
| 16:24 | Build | Farm |
| 16:24 | Build | Farm |
| 16:37 | Build | House |
| 16:38 | Queue | Archer |
| 16:39 | Queue | Eagle Scout |
| 16:55 | Queue | Villager (Male) |
| 17:01 | Build | House |
| 17:02 | Queue | Archer |
| 17:22 | Queue | Villager (Male) |
| 17:25 | Build | Farm |
| 17:27 | Build | Farm |
| 17:30 | Build | Farm |
| 17:31 | Build | Farm |
| 17:34 | Queue | Villager (Male) |
| 17:38 | Build | House |
| 17:40 | Queue | Archer |
| 17:57 | Build | Watch Tower |
| 18:11 | Queue | Archer |
| 18:46 | Queue | Archer |
| 19:04 | Build | Watch Tower |
| 19:18 | Queue | Villager (Male) |
| 19:20 | Build | Farm |
| 19:22 | Queue | Villager (Male) |
| 19:24 | Build | House |
| 20:17 | Queue | Villager (Male) |
| 20:20 | Queue | Villager (Male) |
| 20:38 | Build | Watch Tower |
| 20:56 | Queue | Archer |
| 20:56 | Queue | Archer |
| 20:57 | Queue | Eagle Scout |
| 21:19 | Queue | Villager (Male) |
| 21:24 | Build | Market |
| 21:27 | Queue | Villager (Male) |
| 22:44 | Research | Castle Age |
| 22:45 | Queue | Archer |
| 23:14 | Queue | Archer |
| 23:34 | Build | Watch Tower |
| 23:44 | Build | Farm |
| 23:48 | Research | Double-Bit Axe |
| 23:48 | Research | Double-Bit Axe |
| 23:52 | Build | Mining Camp |
| 24:26 | Queue | Archer |
| 24:29 | Queue | Archer |
| 24:39 | Queue | Villager (Male) |
| 24:58 | Build | Watch Tower |
| 25:01 | Queue | Archer |
| 25:24 | Age | Castle Age |
| 25:28 | Research | Bodkin Arrow |
| 25:28 | Research | Bodkin Arrow |
| 25:28 | Queue | Villager (Male) |
| 25:32 | Build | Archery Range |
| 26:05 | Build | Barracks |
| 26:09 | Build | Monastery |
| 26:11 | Build | Monastery |
| 26:25 | Build | Siege Workshop |
| 26:39 | Build | Farm |
| 26:40 | Queue | Villager (Male) |
| 26:45 | Queue | Monk |
| 26:45 | Queue | Monk |
| 26:49 | Queue | Monk |
| 26:49 | Queue | Monk |
| 26:57 | Queue | Villager (Male) |
| 26:58 | Build | Farm |
| 27:03 | Research | Bow Saw |
| 27:03 | Research | Bow Saw |
| 27:16 | Queue | Villager (Male) |
| 27:51 | Queue | Villager (Male) |
| 27:54 | Queue | Monk |
| 27:54 | Queue | Monk |
| 28:22 | Queue | Mangonel |
| 28:47 | Queue | Villager (Male) |
| 28:53 | Build | House |
| 28:55 | Queue | Villager (Male) |
| 28:59 | Build | House |
| 29:14 | Research | Crossbowman (upgrade) |
| 29:14 | Research | Crossbowman (upgrade) |
| 29:17 | Queue | Monk |
Build order — MegaFish
First 150 of 317 actions detected
| 0:00 | Queue | Villager (Male) |
| 0:00 | Queue | Villager (Male) |
| 0:01 | Queue | Villager (Male) |
| 0:01 | Queue | Villager (Male) |
| 0:02 | Build | House |
| 0:02 | Build | House |
| 1:29 | Queue | Villager (Male) |
| 1:29 | Queue | Villager (Male) |
| 1:29 | Queue | Villager (Male) |
| 1:47 | Build | Lumber Camp |
| 2:08 | Queue | Villager (Male) |
| 2:08 | Queue | Villager (Male) |
| 2:09 | Queue | Villager (Male) |
| 2:09 | Queue | Villager (Male) |
| 2:13 | Queue | Villager (Male) |
| 2:29 | Queue | Villager (Male) |
| 2:29 | Queue | Villager (Male) |
| 2:29 | Queue | Villager (Male) |
| 2:53 | Queue | Villager (Male) |
| 2:53 | Queue | Villager (Male) |
| 3:11 | Queue | Villager (Male) |
| 3:11 | Queue | Villager (Male) |
| 3:42 | Queue | Villager (Male) |
| 3:42 | Queue | Villager (Male) |
| 3:59 | Build | House |
| 4:03 | Queue | Villager (Male) |
| 4:03 | Queue | Villager (Male) |
| 4:03 | Queue | Villager (Male) |
| 4:14 | Queue | Villager (Male) |
| 4:14 | Queue | Villager (Male) |
| 4:22 | Queue | Villager (Male) |
| 4:22 | Queue | Villager (Male) |
| 4:36 | Build | Palisade Wall |
| 4:41 | Queue | Villager (Male) |
| 4:41 | Queue | Villager (Male) |
| 4:42 | Queue | Villager (Male) |
| 4:57 | Queue | Villager (Male) |
| 4:57 | Queue | Villager (Male) |
| 4:57 | Queue | Villager (Male) |
| 4:58 | Queue | Villager (Male) |
| 5:04 | Build | Palisade Wall |
| 5:05 | Build | Palisade Wall |
| 5:14 | Queue | Villager (Male) |
| 5:38 | Queue | Villager (Male) |
| 5:38 | Queue | Villager (Male) |
| 6:04 | Queue | Villager (Male) |
| 6:04 | Queue | Villager (Male) |
| 6:17 | Build | House |
| 6:53 | Build | House |
| 6:55 | Build | Palisade Wall |
| 7:03 | Queue | Villager (Male) |
| 7:22 | Build | Mill |
| 7:31 | Build | Lumber Camp |
| 7:33 | Queue | Villager (Male) |
| 7:56 | Build | Farm |
| 7:57 | Build | Farm |
| 8:13 | Queue | Villager (Male) |
| 8:13 | Queue | Villager (Male) |
| 8:18 | Queue | Villager (Male) |
| 8:18 | Queue | Villager (Male) |
| 8:46 | Research | Loom |
| 8:46 | Research | Loom |
| 8:48 | Build | Mining Camp |
| 9:15 | Queue | Villager (Male) |
| 9:23 | Research | Feudal Age |
| 9:23 | Research | Feudal Age |
| 9:37 | Build | Palisade Wall |
| 9:41 | Build | Palisade Wall |
| 9:43 | Build | Palisade Wall |
| 9:53 | Build | Palisade Wall |
| 10:03 | Queue | Villager (Male) |
| 10:22 | Build | Palisade Wall |
| 10:36 | Build | Barracks |
| 11:01 | Build | House |
| 11:15 | Build | House |
| 11:50 | Age | Feudal Age |
| 12:02 | Build | Stable |
| 12:06 | Build | Blacksmith |
| 12:07 | Queue | Villager (Male) |
| 12:10 | Build | Archery Range |
| 12:30 | Queue | Villager (Male) |
| 12:50 | Queue | Skirmisher |
| 13:00 | Build | House |
| 13:11 | Queue | Skirmisher |
| 13:12 | Research | Fletching |
| 13:13 | Research | Fletching |
| 13:13 | Research | Fletching |
| 13:21 | Build | Watch Tower |
| 13:26 | Research | Horse Collar |
| 13:27 | Research | Double-Bit Axe |
| 13:27 | Research | Double-Bit Axe |
| 13:36 | Queue | Villager (Male) |
| 13:42 | Research | Padded Archer Armor |
| 13:42 | Research | Padded Archer Armor |
| 13:48 | Queue | Villager (Male) |
| 13:51 | Build | Archery Range |
| 14:00 | Queue | Villager (Male) |
| 14:13 | Build | House |
| 14:16 | Build | House |
| 14:21 | Build | Farm |
| 14:33 | Queue | Villager (Male) |
| 14:43 | Queue | Skirmisher |
| 14:54 | Queue | Villager (Male) |
| 15:04 | Queue | Skirmisher |
| 15:05 | Queue | Archer |
| 15:05 | Queue | Archer |
| 15:17 | Build | House |
| 15:35 | Queue | Villager (Male) |
| 15:36 | Queue | Skirmisher |
| 15:40 | Queue | Skirmisher |
| 15:40 | Queue | Skirmisher |
| 15:45 | Build | Farm |
| 15:57 | Build | Farm |
| 16:03 | Build | House |
| 16:05 | Build | House |
| 16:08 | Build | House |
| 16:21 | Queue | Villager (Male) |
| 16:24 | Build | Farm |
| 16:24 | Build | Farm |
| 16:24 | Build | Farm |
| 16:24 | Build | Farm |
| 16:42 | Build | Mining Camp |
| 16:49 | Queue | Villager (Male) |
| 16:54 | Build | Lumber Camp |
| 17:04 | Queue | Skirmisher |
| 17:05 | Queue | Villager (Male) |
| 17:22 | Queue | Villager (Male) |
| 17:43 | Build | Market |
| 17:47 | Build | Market |
| 18:00 | Queue | Villager (Male) |
| 18:24 | Queue | Villager (Male) |
| 18:31 | Queue | Villager (Male) |
| 18:40 | Build | Farm |
| 18:55 | Research | Castle Age |
| 18:55 | Research | Castle Age |
| 19:02 | Build | Mining Camp |
| 19:10 | Queue | Archer |
| 19:10 | Queue | Archer |
| 19:10 | Queue | Archer |
| 19:45 | Queue | Villager (Male) |
| 19:49 | Build | Lumber Camp |
| 19:58 | Queue | Skirmisher |
| 19:58 | Queue | Skirmisher |
| 20:59 | Build | Farm |
| 21:23 | Queue | Villager (Male) |
| 21:29 | Queue | Archer |
| 21:35 | Age | Castle Age |
| 21:37 | Build | Siege Workshop |
| 21:58 | Build | Town Center |
| 22:28 | Queue | Villager (Male) |
Match timeline
| 3:39 | Solaiman III · wall_segment Palisade Wall x1 |
| 4:36 | MegaFish · wall_segment Palisade Wall x6 |
| 5:04 | MegaFish · wall_segment Palisade Wall x2 |
| 5:05 | MegaFish · wall_segment Palisade Wall x5 |
| 6:55 | MegaFish · wall_segment Palisade Wall x15 |
| 8:23 | Solaiman III · first_building Barracks |
| 9:19 | Solaiman III · age_up feudal |
| 9:21 | Solaiman III · first_building Archery Range |
| 9:37 | MegaFish · wall_segment Palisade Wall x1 |
| 9:41 | MegaFish · wall_segment Palisade Wall x1 |
| 9:43 | MegaFish · wall_segment Palisade Wall x1 |
| 9:53 | MegaFish · wall_segment Palisade Wall x1 |
| 10:22 | MegaFish · wall_segment Palisade Wall x1 |
| 10:36 | MegaFish · first_building Barracks |
| 11:50 | MegaFish · age_up feudal |
| 12:02 | MegaFish · first_building Stable |
| 12:10 | MegaFish · first_building Archery Range |
| 18:43 | MegaFish · first_market_buy 100 food |
| 21:35 | MegaFish · age_up castle |
| 21:37 | MegaFish · first_building Siege Workshop |
| 24:52 | MegaFish · first_building Castle |
| 25:24 | Solaiman III · age_up castle |
| 26:09 | Solaiman III · first_building Monastery |
| 26:25 | Solaiman III · first_building Siege Workshop |
| 27:45 | MegaFish · first_market_sell 100 stone |
| 28:50 | MegaFish · first_building Monastery |
| 34:03 | Solaiman III · first_building Castle |
| 36:41 | Solaiman III · resign |
[ AI ANALYSIS · 1 CREDIT ]
What really happened in this match?
Wolo.gg analyzes every decision: build order, eco, micro, common mistakes by bracket. Personalized analysis on WhatsApp or Discord in 30 seconds.
Civ guide
Aztecs
Perfil
Jugador #10590084